 Dungeon Crawl Stone Soup version 0.30-a0-359-gd0147acb1a (webtiles) character file.

Game seed: 10774809062832634075

7 experimilk the Conjurer (level 1, -2/14 HPs)
             Began as a Draconian Conjurer on Nov 12, 2022.
             Killed from afar by Sigmund (4 damage)
             ... with a puff of flame
             ... on level 2 of the Dungeon.
             The game lasted 00:01:34 (711 turns).

experimilk the Conjurer (Draconian Conjurer)         Turns: 711, Time: 00:01:34

Health: -2/14      AC:  4    Str:  9    XL:     1   Next: 91%
Magic:  1/3        EV: 12    Int: 18    God:
Gold:   61         SH:  0    Dex:  9    Spells: 3/4 levels left

rFire   + . .      SeeInvis .    g - +1 dagger
rCold   + . .      Faith    .    (no shield)
rNeg    . . .      Spirit   .    (body armour unavailable)
rPois   +          Reflect  .    (helmet restricted)
rElec   +          Harm     .    (no cloak)
rCorr   +          Rampage  .    (no gloves)
Will    .....                    (no boots)
Stlth   ++........               (no amulet)
HPRegen 0.22/turn                (no ring)
MPRegen 0.08/turn                (no ring)

@: resistant
A: AC +4, unfitting armour, cold-blooded
a: no special abilities


You were on level 2 of the Dungeon.
You visited 1 branch of the dungeon, and saw 2 of its levels.

You collected 61 gold pieces.

Inventory:

Hand Weapons
 g - a +1 dagger (weapon)
Potions
 a - a potion of magic
 c - a potion of brilliance {unknown}
 f - a potion of resistance
 h - a potion of curing {unknown}


   Skills:
 - Level 1.7 Dodging
 - Level 1.7 Stealth
 - Level 2.0 Spellcasting
 * Level 4.4 Conjurations


You had 3 spell levels left.
You knew the following spells:

 Your Spells              Type           Power      Damage    Failure   Level
a - Magic Dart            Conj           68%        1d6       3%          1

Your spell library contained the following spells:

 Spells                   Type           Power      Damage    Failure   Level
 Searing Ray              Conj           34%        2d5       4%          2
 Dazzling Flash           Conj/Hex       18%        N/A       22%         3
 Fulminant Prism          Conj/Hex       4%         3d5       58%         4
 Iskenderun's Mystic Bla  Conj/Tloc      9%         2d4       58%         4


Dungeon Overview and Level Annotations

Branches:
Dungeon (2/15)

Altars:

Shops:
D:2 :!

Annotations:
D:2 Sigmund


Innate Abilities, Weirdness & Mutations

Your plain brown scales are hard. (AC +4)
You cannot fit into any form of body armour.
You are cold-blooded and may be slowed by cold attacks.


Message History

Confirm with . or Enter, or press ? or * to list all spells.
You don't know that spell.
Unknown command.
The magic dart hits Sigmund.
Sigmund is lightly wounded.
The magic dart hits Sigmund.
Sigmund is lightly wounded.
Sigmund closely misses you.
The magic dart hits Sigmund but does no damage.
Sigmund is lightly wounded.
You are out of magic!
You are out of magic!
Sigmund closely misses you.
Things that are here:
a scroll labelled UTYACU RUYQALU; 5 gold pieces You hit Sigmund.
Sigmund is lightly wounded.
Sigmund zaps a wand.
The puff of flame misses you.
You hit Sigmund.
Sigmund is moderately wounded.
Sigmund hits you with a +0 scythe.
You hit Sigmund.
Sigmund is moderately wounded.
You hit Sigmund but do no damage.
Your tail-slap misses Sigmund.
Sigmund is moderately wounded.
Sigmund points at you and mumbles some strange words.
You are confused.
Sigmund closely misses you.
You bump into the rock wall.
Sigmund hits you but does no damage.
Sigmund zaps a wand.
The puff of flame hits you. You resist.
You bump into the rock wall.
Sigmund zaps a wand.
The puff of flame hits you. You resist.
* * * LOW HITPOINT WARNING * * *
You're too confused to move!
You feel less confused.
Sigmund zaps a wand.
The puff of flame hits you. You resist.
* * * LOW HITPOINT WARNING * * *
Sigmund casts a spell at you. The puff of flame hits you. You resist.
You die...

#..###..........*.....,,,,,,,,,*
##.#............*....****,,,,,,*
#...##.....<...#...#**,,,*,,,,*
#.†####........,...#,,,***,,,,*
#..# #.......#*...#,*** *,,,,*
#..## #.#####.#*...#,* ******
#...# #...##..##...#.#
#.#.####.....##......#
##.#.#......####@######
#......####.# #@.## ...#....#
#(####?$$# *****
.######.###.##..$∩$# *,,,*
#*****#......#.#$$$# ***,*,*
,,,,,*#........##### ****,,,*,*
,,,,...........# **,,,,***,*
****.#......##.#******,,**** *,*
*,#......##...,,,,,,** *,*


You could see Sigmund.

Vanquished Creatures
  2 endoplasms (D:1)
  A ball python (D:1)
  3 bats
  A frilled lizard (D:1)
  A kobold (D:1)
8 creatures vanquished.

Notes
Turn   | Place    | Note
-------+----------+-------------------------------------------
     0 | D:1      | experimilk the Draconian Conjurer began the quest for the
                  | Orb.
     0 | D:1      | Reached XP level 1. HP: 14/14 MP: 3/3
   623 | D:2      | Found Kyos's Book Emporium.
   693 | D:2      | Found Ulubb's Distillery.
   695 | D:2      | Noticed Sigmund
   711 | D:2      | Killed from afar by Sigmund

Illustrated notes

Levels and vault maps discovered:
D:1:      dpeg_arrival_fog, layout_basic, serial_bayou_lagoon_a
D:2:      layout_rooms, serial_shops, nicolae_shop_crystal, shop_coins,
          nicolae_diamond_shop, minmay_domino_4, uniq_sigmund

Action                   || total
-------------------------++-------
Melee: Dagger            ||     4
 Cast: Magic Dart        ||    14
  Use: Scroll            ||     5
       Potion            ||     1
Armor: Skin              ||     1
Dodge: Dodged            ||     5

Table legend: (Time is in decaauts)
 A = Elapsed time spent in this place.
 B = Non-inter-level travel time spent in this place.
 C = Inter-level travel time spent in this place.
 D = Time resting spent in this place.
 E = Time spent auto-exploring this place.
 F = Levels seen in this place.
 G = Mean time per level.
                   A        B        C        D        E       F      G
               +--------+--------+--------+--------+--------+-----+--------+
         Total |    718 |    692 |     26 |     31 |    589 |   2 |  359.0 |
       Dungeon |    718 |    692 |     26 |     31 |    589 |   2 |  359.0 |
               +--------+--------+--------+--------+--------+-----+--------+

Top non-repeatable levels by time:
     D:1: 553 daAuts
     D:2: 164 daAuts
